 Dungeon Crawl Stone Soup version 0.29.0-13-gc9e81de378 (webtiles) character file.

Game seed: 10653510891191628423

6916 emagee the Destroyer (level 10, -3/69 HPs)
             Began as a Demigod Conjurer on Sept 10, 2022.
             Slain by a killer bee (4 damage)
             ... on level 9 of the Dungeon.
             The game lasted 00:43:23 (10958 turns).

emagee the Destroyer (Demigod Conjurer)            Turns: 10958, Time: 00:43:23

Health: -3/69      AC:  4    Str:  8    XL:     10   Next: 51%
Magic:  22/26      EV: 12    Int: 36    God:
Gold:   302        SH:  5    Dex: 12    Spells: 6/25 levels left

rFire   + . .      SeeInvis .   g - +0 short sword (elec)
rCold   + + .      Faith    .   (no shield)
rNeg    + + +      Spirit   .   u - +0 robe "Iste" {rC+ rN++ rCorr Int-2}
rPois   +          Reflect  +   i - +1 helmet
rElec   +          Harm     .   (no cloak)
rCorr   +          Rampage  .   (no gloves)
Will    +....                   (no boots)
Stlth   ++........              F - amulet of reflection
HPRegen 0.21/turn               s - +6 ring of intelligence
MPRegen 0.20/turn               B - ring of positive energy

@: about to teleport, resistant, marked
A: high MP 1, forlorn, divine attributes
a: no special abilities


You were on level 9 of the Dungeon.
You visited 1 branch of the dungeon, and saw 9 of its levels.

You collected 478 gold pieces.
You spent 176 gold pieces at shops.

Inventory:

Hand Weapons
 g - a +0 short sword of electrocution (weapon)
 v - a +0 dagger of electrocution
 H - the +5 spear "Daidgh" {spect, Dex+7 Stlth+}
   (You found it on level 8 of the Dungeon)

   When its wielder attacks, the weapon's spirit leaps out and strikes again.
   The spirit shares a part of any damage it takes with its wielder.
   Dex:       It affects your dexterity (+7).
   Stlth:     It makes you more stealthy.
Missiles
 f - 4 poisoned darts
 E - a throwing net
Armour
 a - a +0 robe
 i - a +1 helmet (worn)
 l - +0 steam dragon scales
 u - the +0 robe "Iste" (worn) {rC+ rN++ rCorr Int-2}
   (You bought it in a shop on level 4 of the Dungeon)

   Int:       It affects your intelligence (-2).
   rC:        It protects you from cold.
   rN:        It greatly protects you from negative energy.
   rCorr:     It protects you from acid and corrosion.
Jewellery
 n - a ring of resist corrosion
 s - a +6 ring of intelligence (left hand)
 B - a ring of positive energy (right hand)
 F - an amulet of reflection (around neck)
 L - an amulet of the acrobat
Wands
 q - a wand of flame (40)
 t - a wand of digging (1)
 K - a wand of paralysis (6)
Scrolls
 c - 3 scrolls of enchant armour
 e - 3 scrolls of teleportation
 h - 2 scrolls of magic mapping {unknown}
 j - 2 scrolls of poison
 k - a scroll of amnesia {unknown}
 m - 2 scrolls of vulnerability {unknown}
 x - 4 scrolls of noise
 y - a scroll of fog {unknown}
 D - 2 scrolls of torment {unknown}
 G - a scroll of blinking {unknown}
Potions
 d - a potion of invisibility
 p - a potion of curing
 r - a potion of mutation
 w - 2 potions of flight
 z - 3 potions of might {unknown}
 A - 4 potions of attraction {unknown}
 C - 2 potions of berserk rage {unknown}
 I - a potion of cancellation {unknown}
 M - a potion of haste


   Skills:
 - Level 1.7 Dodging
 - Level 1.7 Stealth
 + Level 8.3 Spellcasting
 - Level 8.9 Conjurations
 - Level 5.2 Hexes
 - Level 4.2 Translocations
 + Level 4.2 Transmutations
 + Level 4.3 Earth Magic


You had 6 spell levels left.
You knew the following spells:

 Your Spells              Type           Power      Damage    Failure   Level
a - Magic Dart            Conj           100%       1d8       1%          1
b - Searing Ray           Conj           100%       2d8       1%          2
c - Fulminant Prism       Conj/Hex       30%        3d16      1%          4
d - Iskenderun's Mystic   Conj/Tloc      58%        2d12      1%          4
e - Statue Form           Tmut/Erth      30%        N/A       58%         6
f - Passwall              Tmut/Erth      37%        N/A       1%          2

Your spell library contained the following spells:

 Spells                   Type           Power      Damage    Failure   Level
 Foxfire                  Conj/Fire      100%       2x1d9     1%          1
 Ensorcelled Hibernation  Hex/Ice        66%        N/A       1%          2
 Conjure Flame            Conj/Fire      47%        6-21      1%          3
 Dazzling Flash           Conj/Hex       100%       N/A       1%          3
 Freeze                   Ice            56%        1d7       2%          1
 Inner Flame              Hex/Fire       33%        N/A       2%          3
 Scorch                   Fire           28%        2d6       4%          2
 Flame Wave               Conj/Fire      47%        2d12      4%          4
 Hailstorm                Conj/Ice       47%        3d11      4%          4
 Petrify                  Tmut/Erth      45%        N/A       4%          4
 Frozen Ramparts          Ice            28%        1d5       9%          3
 Ozocubu's Armour         Ice            14%        N/A       9%          3
 Swiftness                Air            14%        N/A       9%          3
 Metabolic Englaciation   Hex/Ice        16%        N/A       26%         5
 Summon Cactus Giant      Summ           7%         N/A       99%         6
 Ozocubu's Refrigeration  Ice            7%         4d9       100%        7


Dungeon Overview and Level Annotations

Branches:
Dungeon (9/15)             Temple (0/1) D:7            Lair (0/5) D:8
    Orc: D:9-12

Shops:
D:3 =(   D:4 [

Annotations:
D:5 2 transporters


Innate Abilities, Weirdness & Mutations

You have an increased reservoir of magic. (+10% MP)
You shall have no god before yourself.
Your divine heritage dramatically boosts your attributes as you level up.


Message History

Confirm with . or Enter, or press ? or * to list all spells.
Okay, then.
Aiming: Dig
Press: ? - help, Shift-Dir - straight line A rock wall.
The rock shatters into small pieces.
The killer bee stings you!
* * * LOW HITPOINT WARNING * * *
You are poisoned.
The killer bee poisons you! The killer bee closely misses you.
The killer bee completely misses you. The killer bee barely misses you.
The killer bee closely misses you. The killer bee stings you.
* * * LOW HITPOINT WARNING * * *
The killer bee attacks as you move away!
The killer bee barely misses you.
The killer bee attacks as you move away!
You block the killer bee's attack.
You feel sick. The killer bee stings you.
* * * LOW HITPOINT WARNING * * *
A killer bee comes into view.
You feel better. The killer bee barely misses you. The killer bee stings you.
* * * LOW HITPOINT WARNING * * *
Casting: Fulminant Prism (dangerous; 1% risk of failure)
Confirm with . or Enter, or press ? or * to list all spells.
Okay, then.
As you read the scroll of teleportation, it crumbles to dust.
You feel strangely unstable.
The killer bee stings you but does no damage. x2
Casting: Fulminant Prism (dangerous; 1% risk of failure)
Confirm with . or Enter, or press ? or * to list all spells.
Aiming: Searing Ray (safe; 1% risk of failure)
Press: ? - help, Shift-Dir - straight line, f - killer bee
Aim: a killer bee (65% to hit)
The searing ray hits the killer bee!
The killer bee is heavily wounded.
The searing ray hits the killer bee.
The killer bee is moderately wounded. (Press . to maintain the ray.)
The killer bee stings you.
* * * LOW HITPOINT WARNING * * *
The killer bee stings you.
You die...

.....#
#######..# #.
.....# #..# #..
.....## #..##
##... ......#
##..# ##g.#
......## #..##
##.)## .^.....#
####...# ##..##
.......#
#yy#yy.###)..#
.......#
##yyy#))##y##.#
........
#@####.....#...#
........# #.##
#.y).##.P.#
......... #.#
#...###...#
.........[ #.#
##.## ##.##
.........>..>#
#.## .#
.............#
## .#
.............##
†.............#
..............#


You could see 7 killer bees.

Vanquished Creatures
  Harold (D:9)
  Pikel (D:5)
  Maggie (D:6)
  A troll (D:9)
  6 wyverns
  2 steam dragons
  5 yaks
  5 water moccasins
  3 ice beasts
  A black bear (D:7)
  A sky beast (D:6)
  An ogre (D:7)
  A centaur (D:7)
  4 lemures (D:5)
  3 bullfrogs
  2 necrophages
  2 gnoll sergeants
  6 scorpions
  9 wights
  5 killer bees (D:7)
  A howler monkey (D:5)
  An electric eel (D:6)
  A jelly (D:6)
  4 orc priests
  2 hounds
  2 gnoll boudas
  3 iguanas (D:6)
  4 orc wizards
  9 gnolls
  10 adders
  5 white imps
  2 ufetubi
  4 dart slugs
  19 orcs
  5 ball pythons
  3 bats
  8 endoplasms
  3 giant cockroaches
  9 goblins
  8 hobgoblins
  5 jackals
  5 kobolds
  4 quokkas
  7 frilled lizards
  6 rats
190 creatures vanquished.

Vanquished Creatures (others)
  An orc (D:8)
  28 fulminant prisms
  8 fungi (D:8)
  13 plants (D:8)
50 creatures vanquished.

Grand Total: 240 creatures vanquished

Notes
Turn   | Place    | Note
-------+----------+-------------------------------------------
     0 | D:1      | emagee the Demigod Conjurer began the quest for the Orb.
     0 | D:1      | Reached XP level 1. HP: 14/14 MP: 5/5
   305 | D:1      | Reached XP level 2. HP: 20/20 MP: 4/7
   314 | D:1      | Learned a level 2 spell: Searing Ray
  1326 | D:1      | Reached XP level 3. HP: 26/26 MP: 9/9
  2370 | D:3      | Found Roynlin's Jewellery Shoppe.
  2626 | D:3      | Found Vegagic's Weapon Boutique.
  2729 | D:3      | Noticed a scorpion
  2734 | D:3      | Killed a scorpion
  2735 | D:3      | Reached skill level 5 in Conjurations
  2735 | D:3      | Reached XP level 4. HP: 33/33 MP: 4/11
  2804 | D:3      | Learned a level 4 spell: Fulminant Prism
  3133 | D:4      | Reached XP level 5. HP: 38/38 MP: 8/12
  3470 | D:4      | Found Utaogeb's Antique Armour Boutique.
  3473 | D:4      | Identified the +5 scale mail of Putoud {Will+}
  3479 | D:4      | Bought a crude robe for 176 gold pieces
  3479 | D:4      | Identified the +0 robe "Iste" {rC+ rN++ rCorr Int-2} (You
                  | bought it in a shop on level 4 of the Dungeon)
  3544 | D:4      | Reached skill level 1 in Hexes
  3930 | D:4      | Reached XP level 6. HP: 45/45 MP: 5/14
  4175 | D:5      | Entered Level 5 of the Dungeon
  4471 | D:5      | Found a transporter.
  5024 | D:5      | Found a transporter.
  5035 | D:5      | Noticed Pikel
  5051 | D:5      | Killed Pikel
  5052 | D:5      | Reached XP level 7. HP: 50/50 MP: 4/17
  5616 | D:6      | Noticed a steam dragon
  5637 | D:6      | Noticed a yak
  5640 | D:6      | Killed a yak
  5647 | D:6      | Reached skill level 5 in Spellcasting
  5647 | D:6      | Reached XP level 8. HP: 57/57 MP: 13/19
  6212 | D:6      | Reached skill level 5 in Hexes
  6435 | D:6      | Learned a level 4 spell: Iskenderun's Mystic Blast
  6753 | D:6      | Noticed Maggie
  6767 | D:6      | Killed Maggie
  6768 | D:6      | Reached skill level 1 in Translocations
  7087 | D:6      | Learned a level 6 spell: Statue Form
  7101 | D:6      | Reached XP level 9. HP: 62/62 MP: 17/22
  7795 | D:7      | Found a staircase to the Ecumenical Temple.
  9009 | D:7      | Learned a level 2 spell: Passwall
  9031 | D:8      | Reached skill level 1 in Transmutations
  9031 | D:8      | Reached skill level 1 in Earth Magic
  9369 | D:8      | Reached XP level 10. HP: 30/69 MP: 7/25
 10051 | D:8      | Found a staircase to the Lair.
 10054 | D:8      | Identified the +5 spear "Daidgh" {spect, Dex+7 Stlth+}
 10920 | D:9      | Noticed Harold
 10939 | D:9      | Killed Harold
 10958 | D:9      | HP: 1/69 [killer bee (5)]
 10958 | D:9      | Slain by a killer bee

Illustrated notes

Levels and vault maps discovered:
D:1:      amcnicky_arrival_underground_garden, layout_basic,
          shapermc_ecumenical_altar_starsandcircs
D:2:      layout_basic, minmay_misc_feat_diagonals
D:3:      layout_loops_ring, serial_shops, nicolae_shop_bloodbath_and_beyond,
          nicolae_shop_waterfront
D:4:      layout_loops_ring, mainiacjoe_overflow_six_doors_small, serial_shops,
          nicolae_shop_trees, minmay_surrounded
D:5:      gammafunk_wand_slinger, layout_basic, solitary_fountain, uniq_pikel
D:6:      minmay_razor_zed, layout_basic, okawaru_altar_gauntlet_db,
          columned_hall_lemuel, minmay_crystal_water, hangedman_decor_slide_cut,
          uniq_maggie
D:7:      nicolae_cairo_tiling_large_dashed, layout_basic,
          nicolae_uskayaw_dance_hall, minmay_temple_entry_antechambers
D:8:      layout_gridville, minmay_lair_entry_grove
D:9:      layout_cave_pods, lemuel_tele_altar, lemuel_doored_altar,
          elyvilon_altar_1, dk_noncrumbling_2, minmay_fractal_squares_gapless_7,
          uniq_harold

Skill      XL: |  1  2  3  4  5  6  7  8  9 10 |
---------------+-------------------------------+-----
Spellcasting   | 2 3 4 5 6 7 8 |  8.3
Conjurations   | 4 5 6 7 8 |  8.9
Hexes          | 1 3 4 5 |  5.2
Translocations | 2 4 |  4.2
Transmutations | 2 4 |  4.2
Earth Magic    | 2 4 |  4.3
Dodging        | |  1.7
Stealth        | |  1.7

Action                   |  1- 3 |  4- 6 |  7- 9 | 10-12 || total
-------------------------+-------+-------+-------+-------++-------
Melee: Short sword       |    12 |    16 |    32 |    13 ||    73
       Punch             |       |     1 |       |       ||     1
 Cast: Magic Dart        |    93 |    90 |    75 |    16 ||   274
       Searing Ray       |       |    11 |    33 |    14 ||    58
       Fulminant Prism   |       |     1 |    19 |     8 ||    28
       Passwall          |       |       |       |     2 ||     2
Evoke: Wand              |       |       |       |     1 ||     1
  Use: Scroll            |     4 |     2 |     5 |     1 ||    12
       Potion            |       |       |     1 |     4 ||     5
 Stab: Sleeping          |     3 |       |       |     1 ||     4
Armor: Robe              |     2 |     4 |    13 |    13 ||    32
Dodge: Dodged            |     6 |    19 |    40 |    34 ||    99
Block: Other             |       |       |    13 |    13 ||    26
       Reflection        |       |       |     1 |       ||     1
